 Dungeon Crawl Stone Soup version 0.29.1-2-gbd0b4ee654 (webtiles) character file.

Game seed: 14223012159274191131

37 raph the Stinger (level 3, -2/14 HPs)
             Began as a Felid Venom Mage on Oct 25, 2022.
             Slain by an adder (3 damage)
             ... on level 1 of the Dungeon.
             The game lasted 00:03:20 (2213 turns).

raph the Stinger (Felid Venom Mage)                 Turns: 2213, Time: 00:03:21

Health: -2/14      AC:  1    Str:  4    XL:     3   Next: 23%
Magic:  5/7        EV: 17    Int: 18    God:
Gold:   84         SH:  5    Dex: 16    Spells: 3/6 levels left
                                        Lives:  0   Deaths: 0

rFire   . . .      SeeInvis +   (weapon unavailable)
rCold   . . .      Faith    .   (shield unavailable)
rNeg    . . .      Spirit   .   (body armour unavailable)
rPois   .          Reflect  +   (helmet unavailable)
rElec   .          Harm     .   (cloak unavailable)
rCorr   .          Rampage  .   (gloves unavailable)
Will    .....                   (boots unavailable)
Stlth   ++........              f - amulet of reflection
HPRegen 0.04/turn               (no ring)
MPRegen 0.10/turn               (no ring)

@: quick
A: very small, claws 1, fangs 3, see invisible, speed 1, shaggy fur 1, stealthy
paws, no weapons or thrown items, no armour, multi-lived
a: no special abilities


You were on level 1 of the Dungeon.
You visited 1 branch of the dungeon, and saw 2 of its levels.

You collected 84 gold pieces.

Inventory:

Jewellery
 f - an amulet of reflection (around neck)
Scrolls
 d - a scroll of butterflies
Potions
 b - a potion of degeneration {unknown}
 c - a potion of flight {unknown}
 e - 3 potions of heal wounds {unknown}


   Skills:
 - Level 2.6 Dodging
 - Level 2.6 Stealth
 - Level 2.0 Spellcasting
 - Level 1.1 Transmutations
 + Level 4.0 Poison Magic


You had 3 spell levels left.
You knew the following spells:

 Your Spells              Type           Power      Damage    Failure   Level
a - Sting                 Tmut/Pois      44%        1d5       6%          1
b - Poisonous Vapours     Pois/Air       18%        N/A       12%         2

Your spell library contained the following spells:

 Spells                   Type           Power      Damage    Failure   Level
 Mephitic Cloud           Conj/Pois/Air  6%         N/A       30%         3
 Olgreb's Toxic Radiance  Pois           16%        N/A       34%         4
 Alistair's Intoxication  Tmut/Pois      7%         N/A       87%         5
 Borgnjor's Vile Clutch   Necr/Erth      0%         N/A       99%         5
 Eringya's Noxious Bog    Tmut/Pois      5%         N/A       100%        6


Dungeon Overview and Level Annotations

Branches:
Dungeon (2/15)

Altars:


Innate Abilities, Weirdness & Mutations

You have sharp claws.
You have razor-sharp teeth.
You have supernaturally acute eyesight. (SInv)
You cover ground quickly. (Speed+)
You are covered in fur. (AC +1)
Your paws help you pounce on unaware monsters.
You are incapable of wielding weapons or throwing items.
You cannot wear armour.
You gain extra lives every three experience levels.


Message History

The adder attacks as you move away! You block the adder's attack.
There is a stone staircase leading up, spattered with blood here.
You block the adder's attack. The adder misses you.
You climb upwards.
There is a stone staircase leading down here.
The adder attacks as you move away! You block the adder's attack.
Aiming: Sting (safe; 6% risk of failure)
Press: ? - help, Q - select action, (/) - cycle Shift-Dir - straight line, f - adder
Aim: an adder (53% to hit)
The sting misses the adder.
The adder closely misses you. The adder attacks as you move away!
You block the adder's attack. The adder attacks as you move away!
The adder bites you.
* * * LOW HITPOINT WARNING * * *
The adder attacks as you move away! You block the adder's attack.
The adder attacks as you move away! The adder misses you.
Aiming: Sting (safe; 6% risk of failure)
Press: ? - help, Q - select action, (/) - cycle Shift-Dir - straight line, f/p - adder
Aim: an adder (53% to hit)
The sting hits the adder.
The adder is poisoned.
The adder is lightly wounded.
You block the adder's attack. x2
The adder attacks as you move away! The adder completely misses you.
The adder attacks as you move away! The adder bites you.
* * * LOW HITPOINT WARNING * * *
The adder attacks as you move away! The adder completely misses you.
The adder looks more healthy.
Magic courses through your body. The adder misses you.
Aiming: Sting (safe; 6% risk of failure)
Press: ? - help, Q - select action, (/) - cycle Shift-Dir - straight line, f/p - adder
Aim: an adder (moderately wounded, 53% to hit)
The sting hits the adder.
The adder is poisoned.
The adder is severely wounded.
The adder closely misses you. You block the adder's attack.
Aiming: Sting (safe; 6% risk of failure)
Press: ? - help, Q - select action, (/) - cycle Shift-Dir - straight line, f/p - adder
Aim: an adder (severely wounded, poisoned, 53% to hit)
The sting misses the adder.
The adder bites you.
You die...

.# #.....###..# #.# #.# .##
###...#.##..# ##.###.### ..##
####........#..###....รท....
.#.####....#.###..............###
....)...##.##.##..##.###....###
...........###.#..##.# ##.#.# #
..###....#.# ##...##.# ###.#####
..###.#.#..#####S.##.# #.#....
..##............@.##>### #.#.###
..###.#.#.######.......# #.#.# #
..# ##...## #.......####>#.# ..#
##.## #............#.# ..# #.#
#......(######.# ..#####.###
#.......# #.# ..........#
#.......# ####.#
#)#######.######.......###....#
#..# #.....................#


You could see an adder (poisoned).

Vanquished Creatures
  A dart slug (D:1)
  3 endoplasms
  A giant cockroach (D:1)
  4 goblins
  4 hobgoblins
  2 quokkas
  6 ball pythons
  A bat (D:2)
  A frilled lizard (D:1)
  A kobold (D:2)
  9 rats
33 creatures vanquished.

Notes
Turn   | Place    | Note
-------+----------+-------------------------------------------
     0 | D:1      | raph the Felid Venom Mage began the quest for the Orb.
     0 | D:1      | Reached XP level 1. HP: 7/7 MP: 4/4
    34 | D:1      | Reached skill level 3 in Poison Magic
   447 | D:1      | Reached XP level 2. HP: 11/11 MP: 1/6
   455 | D:1      | Learned a level 2 spell: Poisonous Vapours
  1206 | D:1      | Found a faded altar of an unknown god.
  1748 | D:2      | Reached XP level 3. HP: 14/14 MP: 3/7
  2112 | D:2      | Reached skill level 4 in Poison Magic
  2213 | D:1      | Slain by an adder

Illustrated notes

Levels and vault maps discovered:
D:1:      minmay_arrival_radiant_lines, layout_loops_ring,
          ebering_ecumenical_altar_sacrificial, chequers_hall_statues_y
D:2:      layout_rooms, basic_altar, moated_statue, minmay_shallow_snake_nest

Skill      XL: |  1  2  3 |
---------------+----------+-----
Poison Magic   | 3 4 |  4.0
Dodging        | |  2.6
Stealth        | |  2.6
Spellcasting   | |  2.0
Transmutations | |  1.1

Action                   || total
-------------------------++-------
Melee: Unarmed           ||     7
 Cast: Sting             ||    49
       Poisonous Vapours ||    14
  Use: Scroll            ||     6
       Potion            ||     1
Armor: Skin              ||     1
Dodge: Dodged            ||    22
Block: Other             ||     9
